 Dungeon Crawl Stone Soup version 0.21.1-68-g103a7afc0a (webtiles) character file.

17803 KamiKatze the Severer (level 12, 0/112 HPs)
             Began as a Tengu Berserker on Aug 1, 2018.
             Was an Elder of Trog.
             Succumbed to a black mamba's poison
             ... on level 1 of the Lair of Beasts.
             The game lasted 00:38:28 (10333 turns).

KamiKatze the Severer (Tengu Berserker)            Turns: 10333, Time: 00:38:28

Health: 0/112      AC: 16    Str: 27    XL:     12   Next: 51%
Magic:  13/13      EV: 12    Int:  9    God:    Trog [****..]
Gold:   457        SH:  0    Dex: 13    Spells: 11/11 levels left

rFire    + . .     SeeInvis +   a - +0 war axe
rCold    . . .     Gourm    .   (no shield)
rNeg     . . .     Faith    .   I - +0 plate armour
rPois    .         Spirit   .   v - +1 hat {MR+}
rElec    .         Reflect  .   y - +0 cloak
rCorr    .         Harm     .   (no gloves)
MR       +....                  (boots unavailable)
Stlth    ..........             (no amulet)
HPRegen  0.28/turn              x - ring of see invisible
MPRegen  0.13/turn              G - ring of protection from fire

@: berserking (expiring), lethally poisoned (0 -> -46), very quick
A: beak, talons 3, able to fly 1
a: Fly, Berserk, Trog's Hand, Brothers in Arms, Burn Spellbooks, Renounce
Religion


You were on level 1 of the Lair of Beasts.
You worshipped Trog.
Trog was greatly pleased with you.
You were very hungry.

You visited 3 branches of the dungeon, and saw 12 of its levels.

You collected 475 gold pieces.
You spent 18 gold pieces at shops.

Inventory:

Hand Weapons
 a - a +0 war axe (weapon)
 b - a +2 flail of crushing
 e - a +0 battleaxe
 B - a +0 hand axe of holy wrath
Missiles
 f - 277 stones
 r - 2 tomahawks (quivered)
 w - 2 throwing nets
Armour
 v - a +1 hat of magic resistance (worn)
 y - a +0 cloak (worn)
 I - a +0 plate armour (worn)
Jewellery
 x - a ring of see invisible (left hand)
 G - a ring of protection from fire (right hand)
Wands
 j - a wand of clouds (5)
 s - a wand of acid (24)
 u - a wand of digging (53)
 A - a wand of flame (12)
Scrolls
 l - a scroll of blinking
 p - a scroll of fear
 t - 3 scrolls of teleportation
 E - a scroll of enchant weapon {unknown}
 F - a scroll of noise {unknown}
 H - a scroll of brand weapon {unknown}
 J - a scroll of random uselessness {unknown}
 K - a scroll of enchant armour
 L - a scroll of fog {unknown}
 M - a scroll of identify
Potions
 d - a potion of might
 g - 4 potions of lignification
 h - 6 potions of curing
 i - 3 potions of cancellation
 k - a potion of heal wounds
 m - 2 potions of haste
 n - 3 potions of ambrosia
 o - 2 potions of resistance
 q - 2 potions of flight
 C - a potion of brilliance
 D - 2 potions of agility
 N - 2 potions of berserk rage {unknown}
Comestibles
 c - 19 rations
 z - 5 chunks of flesh


   Skills:
 + Level 8.6 Fighting
 * Level 15.3 Axes
 + Level 9.2 Armour
 + Level 9.2 Dodging


You had 11 spell levels left.
You didn't know any spells.

Dungeon Overview and Level Annotations

Branches:
Dungeon (10/15)            Temple (1/1) D:6            Lair (1/6) D:10
    Orc (0/2) D:10

Altars:
Ashenzari
Cheibriados
Dithmenos
Elyvilon
Fedhas
Gozag
Hepliaklqana
Kikubaaqudgha
Makhleb
Nemelex Xobeh
Okawaru
Qazlal
Ru
Sif Muna
Trog
Uskayaw
Vehumet
Wu Jian
Xom
Yredelemnul
Zin
The Shining One

Shops:
D:7 =*}   D:8 !   D:10 (


Innate Abilities, Weirdness & Mutations

You have a beak for a mouth.
You have claws for feet.
You can fly.


Message History

* * * LOW HITPOINT WARNING * * *
You are more poisoned.
The black mamba poisons you!
The black mamba bites you but does no damage.
You closely miss the black mamba.
You kill the black mamba!
Trog accepts your kill.
* * * LOW HITPOINT WARNING * * *
You feel very sick.
* * * LOW HITPOINT WARNING * * *
You feel sick.
You see here a black mamba corpse.
You are too berserk!
You feel a strong urge to attack something.
* * * LOW HITPOINT WARNING * * *
You feel very sick.
You are too berserk!
You are too berserk!
There is a lethal amount of poison in your body!
You die...

#..## ##..# #P..#
###.### #..†.#
#.#..## ###...#
####..## #P##@##
####....##
#.#..†...##
####......#.#
..#..........##
...............#
.........^[....#
...............##
..#.#P..........#


There were no monsters in sight!

Vanquished Creatures
  Erolcha (D:10)
  A two-headed ogre (D:8)
  Pikel (D:6)
  A black mamba (Lair:1)
  Joseph (D:10)
  2 spiny frogs (Lair:1)
  A komodo dragon (Lair:1)
  A troll (D:9)
  5 blink frogs
  2 hippogriffs (Lair:1)
  A vampire (D:10)
  2 basilisks (Lair:1)
  A water moccasin (Lair:1)
  An ice beast (D:7)
  4 slaves (D:6)
  8 orc warriors
  A black bear (D:10)
  4 phantoms
  3 sky beasts
  6 wolves
  6 ogres
  The ghost of Orcmeat the Grave Robber, an amateur DrNe (D:3)
  A crocodile (Lair:1)
  3 centaurs
  A big kobold (D:10)
  7 bullfrogs
  3 scorpions
  5 wights (D:8)
  4 jellies (D:7)
  2 howler monkeys
  8 crimson imps
  3 centaur zombies
  3 bullfrog zombies
  A quasit (D:8)
  9 orc priests
  A gnoll shaman (D:5)
  2 centaur skeletons
  3 hounds
  11 orc wizards
  2 bullfrog skeletons (D:5)
  An iguana (D:6)
  Natasha (thrice) (D:4)
  12 worker ants
  A killer bee zombie (D:9)
  2 hound skeletons
  2 worker ant zombies
  12 gnolls
  8 adders
  2 shadow imps
  2 oozes (D:1)
  2 worms (D:3)
  2 dart slugs
  8 leopard geckos
  35 orcs
  A giant cockroach (D:4)
  4 goblins
  5 hobgoblins
  8 jackals
  3 quokkas
  A ball python (D:2)
  4 bats
  5 frilled lizards
  A giant cockroach zombie (D:6)
  3 kobolds (D:10)
  2 leopard gecko skeletons
  A leopard gecko zombie (D:6)
  A quokka skeleton (D:6)
  5 rats
  A spectral orc (D:2)
260 creatures vanquished.

Vanquished Creatures (others)
  An orc wizard (D:9)
1 creature vanquished.

Grand Total: 261 creatures vanquished

Notes
Turn   | Place    | Note
-------+----------+-------------------------------------------
     0 | D:1      | KamiKatze the Tengu Berserker began the quest for the Orb.
     0 | D:1      | Reached XP level 1. HP: 14/14 MP: 2/2
    74 | D:1      | Reached XP level 2. HP: 19/19 MP: 3/3
   371 | D:1      | Reached XP level 3. HP: 16/23 MP: 4/4
   678 | D:2      | Found a radiant altar of Vehumet.
   686 | D:2      | Found an ancient bone altar of Kikubaaqudgha.
   687 | D:2      | Found a deep blue altar of Sif Muna.
  1039 | D:2      | Found a basalt altar of Yredelemnul.
  1085 | D:3      | Reached ** piety under Trog
  1096 | D:3      | Reached skill level 4 in Axes
  1105 | D:3      | Noticed Orcmeat's ghost (amateur DrNe)
  1117 | D:3      | Killed Orcmeat's ghost
  1117 | D:3      | Reached XP level 4. HP: 28/28 MP: 5/5
  1117 | D:3      | Gained mutation: You can fly. [Tengu growth]
  1117 | D:3      | Reached XP level 5. HP: 32/32 MP: 6/6
  1511 | D:3      | Noticed a phantom
  1543 | D:3      | Killed a phantom
  1543 | D:3      | Reached skill level 5 in Axes
  1543 | D:3      | Reached XP level 6. HP: 17/38 MP: 7/7
  2062 | D:4      | Noticed a phantom
  2088 | D:4      | Killed a phantom
  2150 | D:4      | Noticed Natasha
  2160 | D:4      | Killed Natasha
  2341 | D:4      | Noticed Natasha
  2348 | D:4      | Killed Natasha
  2473 | D:4      | Reached XP level 7. HP: 40/43 MP: 8/8
  2639 | D:4      | Noticed Natasha
  2645 | D:4      | Killed Natasha
  2753 | D:5      | Entered Level 5 of the Dungeon
  2842 | D:5      | Reached skill level 6 in Axes
  3186 | D:5      | Found a hide-covered altar of Uskayaw.
  3482 | D:5      | Reached XP level 8. HP: 45/48 MP: 9/9
  3622 | D:5      | Reached skill level 7 in Axes
  3730 | D:5      | Reached skill level 5 in Armour
  3739 | D:5      | Reached skill level 5 in Fighting
  3769 | D:5      | Reached skill level 5 in Dodging
  4504 | D:6      | Found an iron altar of Okawaru.
  4550 | D:6      | Reached *** piety under Trog
  4581 | D:6      | Reached skill level 8 in Axes
  4617 | D:6      | Found a snail-covered altar of Cheibriados.
  5178 | D:6      | Noticed Pikel
  5197 | D:6      | Killed Pikel
  5197 | D:6      | Reached XP level 9. HP: 50/55 MP: 10/10
  5264 | D:6      | Found a staircase to the Ecumenical Temple.
  5274 | D:6      | Upgraded the game from 0.21.1-35-gfefc1aa2bb to 0.21.1-68-g103a7afc0a
  5275 | Temple   | Entered the Ecumenical Temple
  5555 | D:7      | Reached skill level 9 in Axes
  5628 | D:7      | Found Vokkug's Assorted Antiques.
  5633 | D:7      | Bought a fizzy clear potion for 18 gold pieces
  5917 | D:7      | Found a burning altar of Makhleb.
  5917 | D:7      | Found a sacrificial altar of Ru.
  6113 | D:7      | Found Qamenny's Gadget Emporium.
  6143 | D:7      | Found Xyru Kikh's Jewellery Shop.
  6824 | D:8      | Reached skill level 10 in Axes
  6828 | D:8      | Reached XP level 10. HP: 42/61 MP: 11/11
  7017 | D:8      | Found Dilay's Distillery.
  7070 | D:8      | Reached **** piety under Trog
  7319 | D:8      | Noticed a two-headed ogre
  7330 | D:8      | Killed a two-headed ogre
  7851 | D:9      | Reached skill level 11 in Axes
  7988 | D:9      | Found a stormy altar of Qazlal.
  8140 | D:9      | Found a glowing silver altar of Zin.
  8422 | D:9      | Got a pitted helmet
  8484 | D:10     | Entered Level 10 of the Dungeon
  8606 | D:10     | Reached ***** piety under Trog
  8738 | D:10     | Noticed Joseph
  8768 | D:10     | Killed Joseph
  8768 | D:10     | Reached XP level 11. HP: 26/68 MP: 12/12
  8808 | D:10     | Reached skill level 14 in Axes
  8808 | D:10     | Reached XP level 12. HP: 30/73 MP: 13/13
  8822 | D:10     | Found Hucaluh's Antique Weapon Shoppe.
  8825 | D:10     | Found a staircase to the Lair.
  8898 | D:10     | Noticed Erolcha
  8905 | D:10     | Killed Erolcha
  9276 | D:10     | Found a staircase to the Orcish Mines.
  9346 | Lair:1   | Entered Level 1 of the Lair of Beasts
  9436 | D:10     | Reached skill level 15 in Axes
 10327 | Lair:1   | HP: 2/75 [black mamba (12)]
 10332 | Lair:1   | HP: 3/112 [poisoned by a black mamba]
 10333 | Lair:1   | Succumbed to a black mamba's poison

Skill      XL: |  1  2  3  4  5  6  7  8  9 10 11 12 |
---------------+-------------------------------------+-----
Axes           | 4 5 6 8 10 11 14 15 | 15.3
Armour         | 3 4 6 7 8 9 |  9.2
Dodging        | 3 4 6 7 8 9 |  9.2
Fighting       | 4 6 7 8 |  8.6

Action                   |  1- 3 |  4- 6 |  7- 9 | 10-12 || total
-------------------------+-------+-------+-------+-------++-------
Melee: Hand axe          |    54 |   128 |   165 |       ||   347
       Kick              |    18 |    24 |   135 |   117 ||   294
       Peck              |     7 |    23 |    67 |    71 ||   168
       War axe           |       |       |   202 |   368 ||   570
Throw: Stone             |       |       |     6 |     1 ||     7
       Tomahawk          |       |       |       |     4 ||     4
Invok: Burn Spellbooks   |     1 |     1 |       |     2 ||     4
       Berserk           |     1 |       |     6 |     4 ||    11
       Trog's Hand       |       |     2 |     3 |     4 ||     9
  Use: Scroll            |       |     8 |     7 |     4 ||    19
       Potion            |       |       |       |     4 ||     4
  Eat: Chunk             |     1 |     6 |    20 |    16 ||    43
Armor: Chain mail        |    31 |    57 |   152 |    43 ||   283
       Plate armour      |       |       |       |   119 ||   119
Dodge: Dodged            |    14 |    45 |   151 |   161 ||   371
